General information
- name: BNet
- type: Ladder team game (AT/RT)
- host: Battle.net
- saver: NapoleonJewKids
map: Deadlock
- players: 8
- length: 21:43
- speed: Fast
- version: 1.26 W3XP
- replay type: Public
» download(121 KB)
Players
team 1 (loser)
markbr (
teal | 75 APM | 1454 actions | 19:17)
3 Archmage
2 Summon Water Elemental
1 Brilliance Aura
1 Mountain King
1 Storm Bolt
» actions
| Assign group hotkey | 31 | |
| Basic commands | 1 | |
| Build / train | 67 | |
| Enter build submenu | 36 | |
| Enter hero's abilities submenu | 4 | |
| Remove unit from queue | 4 | |
| Right click | 561 | |
| Select / deselect | 245 | |
| Select group hotkey | 429 | |
| Use ability | 76 | |
1454 total
» units
| Peasant | 19 | |
| Footman | 14 | |
| Dragonhawk Rider | 2 | |
| Gryphon Rider | 1 | |
| Knight | 3 | |
39 total
» upgrades
| Defend | 0 | |
| Cloud | 1 | |
| Animal War Training | 1 | |
| Storm Hammers | 1 | |
| Masonry | 1 | |
4 total
» buildings
| Altar of Kings | 1 | |
| Farm | 13 | |
| Barracks | 1 | |
| Lumber Mill | 1 | |
| Scout Tower | 21 | |
| Guard Tower | 11 | |
| Arcane Vault | 2 | |
| Keep | 1 | |
| Blacksmith | 1 | |
| Gryphon Aviary | 2 | |
| Castle | 1 | |
| Town Hall | 1 | |
56 total
» build order
00:03 Altar of Kings
00:26 Farm
00:28 Farm
00:40 Barracks
01:27 Lumber Mill
02:02 Farm
02:26 Farm
03:37 Scout Tower
03:38 Scout Tower
04:12 Guard Tower
04:31 Arcane Vault
04:32 Guard Tower
06:46 Keep
07:13 Blacksmith
07:17 Farm
07:20 Farm
07:21 Farm
07:22 Farm
07:29 Scout Tower
07:58 Scout Tower
08:00 Guard Tower
08:11 Farm
08:25 Guard Tower
09:15 Scout Tower
09:37 Gryphon Aviary
09:43 Castle
09:48 Scout Tower
09:49 Guard Tower
10:07 Scout Tower
10:19 Farm
10:40 Farm
11:30 Gryphon Aviary
13:49 Town Hall
13:50 Scout Tower
13:53 Scout Tower
13:55 Scout Tower
14:04 Arcane Vault
14:30 Guard Tower
14:30 Guard Tower
14:47 Scout Tower
14:49 Scout Tower
14:50 Scout Tower
15:06 Farm
15:14 Guard Tower
15:20 Farm
15:40 Guard Tower
16:21 Guard Tower
16:37 Scout Tower
16:40 Scout Tower
16:41 Scout Tower
16:42 Scout Tower
16:44 Scout Tower
16:45 Scout Tower
16:46 Scout Tower
16:47 Scout Tower
18:30 Guard Tower
» items

»
wc2012 (
yellow | 28 APM | 590 actions | 21:24)
2 Far Seer
1 Feral Spirit
1 Chain Lighting
1 Tauren Chieftain
1 Endurance Aura
» actions
| Assign group hotkey | 14 | |
| Basic commands | 10 | |
| Build / train | 38 | |
| Enter build submenu | 30 | |
| Enter hero's abilities submenu | 3 | |
| Right click | 194 | |
| Select / deselect | 185 | |
| Select group hotkey | 77 | |
| Use ability | 39 | |
590 total
» units
» upgrades
| Spiked Barricades | 1 | |
| Ranged Weapons | 2 | |
| Armor | 2 | |
5 total
» buildings
| War Mill | 2 | |
| Orc Burrow | 6 | |
| Watch Tower | 13 | |
| Altar of Storms | 1 | |
| Stronghold | 1 | |
| Beastiary | 4 | |
| Great Hall | 1 | |
| Voodoo Lounge | 1 | |
| Fortress | 1 | |
30 total
» build order
00:29 War Mill
01:33 Orc Burrow
01:52 Watch Tower
01:57 Watch Tower
02:00 Watch Tower
02:17 Watch Tower
02:39 Watch Tower
02:51 Watch Tower
03:18 Watch Tower
03:23 Altar of Storms
03:36 Watch Tower
04:02 Watch Tower
04:47 Watch Tower
04:50 Watch Tower
04:57 Watch Tower
05:32 Stronghold
05:34 Orc Burrow
05:58 Watch Tower
06:29 Orc Burrow
07:18 Orc Burrow
07:54 Beastiary
07:54 Beastiary
08:57 Beastiary
09:14 Beastiary
09:28 War Mill
11:33 Orc Burrow
12:51 Great Hall
13:10 Voodoo Lounge
13:20 Orc Burrow
14:48 Fortress
» items
| Potion of Healing | 2 | |
| Healing Salve | 1 | |
3 total
NapoleonJewKids (
blue | 71 APM | 1533 actions | 21:43)
7 Archmage
3 Summon Water Elemental
3 Brilliance Aura
1 Blizzard
1 Blood Mage
1 Banish
» actions
| Assign group hotkey | 37 | |
| Basic commands | 90 | |
| Build / train | 102 | |
| ESC pressed | 1 | |
| Enter build submenu | 35 | |
| Enter hero's abilities submenu | 7 | |
| Give item / drop item | 1 | |
| Right click | 554 | |
| Select / deselect | 305 | |
| Select group hotkey | 344 | |
| Use ability | 57 | |
1533 total
» units
| Peasant | 17 | |
| Footman | 16 | |
| Gryphon Rider | 6 | |
| Dragonhawk Rider | 2 | |
41 total
» upgrades
| Swords | 3 | |
| Armor | 3 | |
| Lumber Harvesting | 2 | |
| Masonry | 3 | |
| Animal War Training | 1 | |
| Storm Hammers | 1 | |
| Cloud | 1 | |
| Plating | 3 | |
| Gunpowder | 2 | |
| Backpack | 1 | |
20 total
» buildings
| Altar of Kings | 1 | |
| Farm | 11 | |
| Barracks | 1 | |
| Blacksmith | 1 | |
| Keep | 5 | |
| Arcane Vault | 1 | |
| Lumber Mill | 1 | |
| Town Hall | 2 | |
| Castle | 1 | |
| Scout Tower | 7 | |
| Guard Tower | 8 | |
| Gryphon Aviary | 4 | |
| Workshop | 2 | |
45 total
» build order
00:02 Altar of Kings
00:07 Farm
00:20 Barracks
00:49 Farm
01:46 Farm
02:35 Farm
04:01 Blacksmith
04:45 Keep
04:45 Keep
04:45 Keep
06:01 Arcane Vault
06:23 Lumber Mill
07:14 Town Hall
07:37 Castle
08:25 Farm
08:45 Scout Tower
08:47 Scout Tower
08:51 Scout Tower
09:06 Scout Tower
09:12 Guard Tower
09:14 Scout Tower
09:16 Guard Tower
09:19 Gryphon Aviary
09:22 Gryphon Aviary
09:26 Guard Tower
09:33 Guard Tower
09:33 Guard Tower
09:40 Guard Tower
09:53 Farm
09:56 Farm
12:54 Gryphon Aviary
12:59 Gryphon Aviary
13:04 Farm
14:34 Farm
16:21 Town Hall
18:45 Scout Tower
18:46 Scout Tower
19:21 Guard Tower
21:16 Workshop
21:19 Workshop
21:23 Farm
21:29 Farm
21:41 Guard Tower
» items
| Scroll of Regeneration | 2 | |
| Staff of Teleportation | 1 | |
| Periapt of Vitality | 1 | |
| Tome of Retraining | 1 | |
| Boots of Speed | 1 | |
| Scroll of Town Portal | 1 | |
| Orb of Fire | 1 | |
| Potion of Healing | 2 | |
| Staff of Sanctuary | 1 | |
| Ivory Tower | 1 | |
12 total
K)K)KuK)K)Ku (
green | 43 APM | 928 actions | 21:41)
5 Blademaster
3 Wind Walk
2 Critical Strike
» actions
| Assign group hotkey | 104 | |
| Basic commands | 80 | |
| Build / train | 57 | |
| Enter build submenu | 17 | |
| Enter hero's abilities submenu | 5 | |
| Give item / drop item | 2 | |
| Right click | 348 | |
| Select / deselect | 207 | |
| Select group hotkey | 70 | |
| Use ability | 37 | |
928 total
» units
» upgrades
| Ranged Weapons | 3 | |
| Armor | 3 | |
| Envenomed Spears | 1 | |
7 total
» buildings
| Orc Burrow | 5 | |
| Altar of Storms | 1 | |
| Barracks | 1 | |
| Voodoo Lounge | 1 | |
| Stronghold | 1 | |
| War Mill | 2 | |
| Great Hall | 2 | |
| Beastiary | 4 | |
| Fortress | 1 | |
18 total
» build order
00:31 Orc Burrow
00:59 Altar of Storms
01:00 Barracks
01:08 Orc Burrow
02:01 Voodoo Lounge
02:55 Stronghold
03:40 War Mill
06:54 Great Hall
07:03 Beastiary
07:03 Beastiary
07:49 Orc Burrow
07:51 Orc Burrow
09:01 Great Hall
13:24 Fortress
13:59 Orc Burrow
14:40 Beastiary
14:44 Beastiary
16:04 War Mill
» items
| Healing Salve | 3 | |
| Lesser Clarity Potion | 1 | |
| Boots of Speed | 1 | |
5 total
team 2 (winner)
chaos4 (
pink | 29 APM | 162 actions | 05:31)
1 Mountain King
1 Storm Bolt
» actions
| Assign group hotkey | 1 | |
| Basic commands | 1 | |
| Build / train | 19 | |
| Enter build submenu | 6 | |
| Enter hero's abilities submenu | 1 | |
| Right click | 53 | |
| Select / deselect | 62 | |
| Select group hotkey | 2 | |
| Use ability | 17 | |
162 total
» units
» buildings
| Altar of Kings | 1 | |
| Farm | 3 | |
| Barracks | 1 | |
| Lumber Mill | 1 | |
6 total
» build order
00:05 Altar of Kings
00:39 Farm
00:56 Barracks
01:25 Farm
01:53 Lumber Mill
02:17 Farm

»
Die_NameLess (
orange | 25 APM | 134 actions | 05:27)
2 Archmage
1 Blizzard
1 Summon Water Elemental
» actions
| Assign group hotkey | 1 | |
| Basic commands | 6 | |
| Build / train | 17 | |
| Enter build submenu | 8 | |
| Enter hero's abilities submenu | 2 | |
| Right click | 42 | |
| Select / deselect | 38 | |
| Select group hotkey | 3 | |
| Use ability | 17 | |
134 total
» units
» buildings
| Farm | 3 | |
| Altar of Kings | 1 | |
| Lumber Mill | 1 | |
| Arcane Vault | 1 | |
| Scout Tower | 2 | |
| Guard Tower | 1 | |
9 total
» build order
00:23 Farm
00:40 Farm
01:00 Altar of Kings
01:13 Lumber Mill
01:23 Farm
02:05 Arcane Vault
04:42 Scout Tower
04:54 Guard Tower
04:57 Scout Tower
» items
FaSTdRaGonS (
purple | 44 APM | 246 actions | 05:34)
1 Archmage
1 Summon Water Elemental
» actions
| Build / train | 15 | |
| Enter build submenu | 9 | |
| Enter hero's abilities submenu | 1 | |
| Right click | 155 | |
| Select / deselect | 51 | |
| Use ability | 15 | |
246 total
» units
» buildings
| Barracks | 3 | |
| Altar of Kings | 1 | |
| Farm | 2 | |
| Arcane Vault | 1 | |
| Blacksmith | 1 | |
8 total
» build order
00:21 Barracks
00:26 Altar of Kings
00:31 Farm
00:37 Barracks
01:13 Arcane Vault
01:43 Blacksmith
02:17 Barracks
03:16 Farm
» items
| Scroll of Regeneration | 1 | |
| Lesser Clarity Potion | 1 | |
2 total
rod-is-french. (
red | 88 APM | 1904 actions | 21:43)
5 Mountain King
3 Storm Bolt
2 Bash
3 Archmage
2 Brilliance Aura
1 Summon Water Elemental
» actions
| Assign group hotkey | 39 | |
| Basic commands | 7 | |
| Build / train | 119 | |
| Enter build submenu | 29 | |
| Enter hero's abilities submenu | 8 | |
| Give item / drop item | 5 | |
| Right click | 714 | |
| Select / deselect | 311 | |
| Select group hotkey | 581 | |
| Use ability | 91 | |
1904 total
» units
| Peasant | 37 | |
| Footman | 7 | |
| Rifleman | 16 | |
| Gryphon Rider | 4 | |
64 total
» upgrades
| Masonry | 4 | |
| Lumber Harvesting | 2 | |
| Gunpowder | 1 | |
| Storm Hammers | 1 | |
| Long Rifles | 1 | |
| Animal War Training | 1 | |
| Swords | 2 | |
| Armor | 3 | |
15 total
» buildings
| Altar of Kings | 1 | |
| Barracks | 1 | |
| Farm | 18 | |
| Scout Tower | 19 | |
| Arcane Tower | 2 | |
| Lumber Mill | 1 | |
| Town Hall | 3 | |
| Arcane Vault | 1 | |
| Guard Tower | 9 | |
| Keep | 3 | |
| Gryphon Aviary | 5 | |
| Castle | 2 | |
| Blacksmith | 1 | |
66 total
» build order
00:07 Altar of Kings
00:21 Barracks
00:36 Farm
00:51 Farm
01:27 Farm
01:40 Scout Tower
02:11 Arcane Tower
02:42 Farm
03:19 Lumber Mill
03:50 Town Hall
03:54 Scout Tower
05:16 Arcane Vault
05:50 Farm
05:55 Scout Tower
05:56 Scout Tower
05:57 Scout Tower
05:58 Scout Tower
05:59 Scout Tower
06:00 Scout Tower
06:01 Scout Tower
06:14 Farm
06:14 Farm
06:15 Farm
06:27 Arcane Tower
06:43 Guard Tower
06:49 Scout Tower
06:49 Scout Tower
06:50 Scout Tower
06:51 Scout Tower
06:52 Scout Tower
07:02 Farm
07:03 Farm
07:10 Guard Tower
07:10 Guard Tower
07:31 Guard Tower
07:31 Guard Tower
07:49 Farm
07:49 Farm
07:50 Farm
07:57 Keep
08:01 Guard Tower
08:01 Guard Tower
10:04 Farm
10:04 Farm
10:21 Gryphon Aviary
10:22 Gryphon Aviary
10:22 Gryphon Aviary
10:24 Castle
10:49 Blacksmith
11:09 Keep
11:09 Keep
11:43 Farm
11:43 Farm
11:43 Farm
13:32 Scout Tower
13:32 Scout Tower
13:33 Scout Tower
13:33 Scout Tower
13:34 Scout Tower
13:57 Castle
14:14 Gryphon Aviary
14:15 Gryphon Aviary
14:53 Guard Tower
19:49 Town Hall
21:28 Town Hall
» items
| Staff of Teleportation | 1 | |
| Scroll of Regeneration | 2 | |
| Scroll of Healing | 3 | |
| Potion of Lesser Invulnerability | 2 | |
| Potion of Healing | 2 | |
| Scroll of Town Portal | 1 | |
| Staff of Sanctuary | 1 | |
| Orb of Fire | 1 | |
13 total
Chat log
(00:06 / Allies) K)K)KuK)K)Ku: gold plz
(00:15 / Allies) K)K)KuK)K)Ku: wood plz
(00:18 / Allies) NapoleonJewKids: wod me
(00:27 / Allies) K)K)KuK)K)Ku: gold for the units plez
(00:34 / Allies) NapoleonJewKids: i need gold for peons
(00:35 / Allies) NapoleonJewKids: gold plz
(00:44 / All) rod-is-french.: hello french canadians
(00:45 / Allies) K)K)KuK)K)Ku: gold for tech hall plez
(01:12 / Allies) markbr: tower rush?
(01:27 / Allies) wc2012: yeah i think those 2 aren't really palying
(01:34 / Allies) markbr: k
(01:37 / Allies) markbr: i'll try to help ya
(01:38 / Allies) NapoleonJewKids: never tower rush unless you are an outside position
(01:40 / Allies) NapoleonJewKids: takes too long
(01:50 / All) rod-is-french.: /f m i am top left inside
(01:55 / Allies) K)K)KuK)K)Ku: yeh but if it fails your buddy gets the brunt of the attack not you
(01:55 / All) NapoleonJewKids: ...
(01:57 / Allies) K)K)KuK)K)Ku: smart plan IMO
(02:02 / All) rod-is-french.: this is a low ell game they are idiots
(02:34 / All) rod-is-french.: being a prick
(03:06 / All) K)K)KuK)K)Ku: haha
(03:06 / All) NapoleonJewKids: ez son, leave pink
(03:10 / All) NapoleonJewKids: sick tp
(03:16 / All) K)K)KuK)K)Ku: LOL
(03:17 / All) NapoleonJewKids: gonna do you good
(03:18 / All) K)K)KuK)K)Ku: LOL
(03:22 / All) K)K)KuK)K)Ku: LOL
(03:29 / All) NapoleonJewKids: gj pro tp
(04:20 / All) NapoleonJewKids: mass militia
(04:38 / All) NapoleonJewKids: ez son, leave
(04:53 / All) K)K)KuK)K)Ku: lozl
(05:01 / All) K)K)KuK)K)Ku: gold plz
(05:06 / All) NapoleonJewKids: wood me and gold me plox
(05:09 / All) NapoleonJewKids: make me wood
(05:16 / All) chaos4: well oj tried..
(05:23 / All) rod-is-french.: GIVE ME RESOURCES TEAM GOD DAMN
(05:27 / Allies) NapoleonJewKids: ty
(05:28 / Allies) NapoleonJewKids: gold me plz
(06:18 / Allies) NapoleonJewKids: I am expoing here
(07:49 / Allies) NapoleonJewKids: I am expoing here
(08:38 / Allies) NapoleonJewKids: b
(13:24 / All) rod-is-french.: one more time and u 2 will be dead yellow and teal
(13:32 / Allies) wc2012: k
(16:38 / Allies) wc2012: you r amoron
(16:42 / All) K)K)KuK)K)Ku: Oh?
(16:45 / All) K)K)KuK)K)Ku: How's that?
(16:58 / All) rod-is-french.: leave plz
(17:00 / All) rod-is-french.: niggas
(17:02 / All) rod-is-french.: u got raped 1v4
(17:13 / Allies) markbr: dude
(17:14 / Allies) markbr: plz
(17:16 / Allies) markbr: stot his
(17:19 / Allies) markbr: if u dont want to play
(17:20 / All) wc2012: green is tkin
(17:25 / All) wc2012: cause hes 10
(17:25 / All) K)K)KuK)K)Ku: stot this
(17:31 / Allies) markbr: why
(17:34 / Allies) markbr: i just want to play
(17:35 / Allies) markbr: damn
(17:48 / All) wc2012: greens used to losing can't help it
(17:56 / Allies) markbr: STOP THIS
(17:57 / Allies) markbr: PLEASE
(17:59 / Allies) markbr: WT
(18:11 / Allies) NapoleonJewKids: I will stop if you name every president of the USA in order
(18:17 / Allies) markbr: dude
(18:24 / Allies) wc2012: i knew u were morons
(18:26 / Allies) markbr: seriosuly
(18:32 / All) K)K)KuK)K)Ku: I will stop him if you give me your # cutie
(18:35 / All) rod-is-french.: yellows 201-198 rec is ruined
(18:38 / Allies) wc2012: should have left right at the start
(18:42 / All) K)K)KuK)K)Ku: :>
(19:00 / Allies) markbr: seriously
(19:06 / Allies) markbr: i dont understand
(19:26 / All) rod-is-french.: out yellow
(19:38 / All) wc2012: you guys are so sad can't win so TK
(19:48 / All) K)K)KuK)K)Ku: lol
(20:01 / All) wc2012: learn how to play
(20:04 / All) rod-is-french.: ir aped u yellow
(20:05 / All) rod-is-french.: leave
(20:11 / All) rod-is-french.: ur nothing compared to me
(20:15 / All) wc2012: they are tking moron
(20:23 / All) NapoleonJewKids: We beat you yellow, leave
(20:24 / All) rod-is-french.: i tked my team its fair
(20:30 / All) wc2012: lol
(20:30 / All) rod-is-french.: everything is fair game in 4v4
(20:36 / All) rod-is-french.: i raped you yellow and now u need to leave
(20:40 / All) K)K)KuK)K)Ku: IT'S TEARIN' UP MY HEART
(20:44 / All) K)K)KuK)K)Ku: WITH OR WITHOUT YOU
(20:44 / All) wc2012: i don't care just stop thinkin your good
(20:49 / All) NapoleonJewKids: I must inform the viewers that I am 100% of Scottish blood, and have no French in me.
(20:55 / All) K)K)KuK)K)Ku: IT'S TEARIN UP MY HEART WHEN I'M WITH YOU
(21:05 / All) K)K)KuK)K)Ku: AND EVNE WHEN WE ARE APART I FEEL IT TOO
(21:10 / All) K)K)KuK)K)Ku: AND NO MATTER WHAT I DO I FEEL THE PAIN
(21:13 / All) K)K)KuK)K)Ku: WITH OR WITHOUT YOU
(21:29 / All) K)K)KuK)K)Ku: IF YOU WANT ME GURL LET ME KNOW
(21:32 / All) rod-is-french.: ur team loses?
(21:34 / All) rod-is-french.: new accoutns?
(21:34 / All) K)K)KuK)K)Ku: I AM DOWN ON MY KNEES
(21:39 / All) K)K)KuK)K)Ku: Yellow lose